 Dungeon Crawl Stone Soup version 0.29.1-1-gd02db6906a (webtiles) character file.

Game seed: 13766092759758895849

3379 Doomgape the Changer (level 9, -3/75 HPs)
             Began as a Troll Transmuter on Sept 16, 2022.
             Engulfed by a steam dragon's steam (4 damage)
             ... on level 7 of the Dungeon.
             The game lasted 00:17:04 (4949 turns).

Doomgape the Changer (Troll Transmuter)             Turns: 4949, Time: 00:17:04

Health: -3/75      AC:  8    Str: 24    XL:     9   Next: 74%
Magic:  16/16      EV:  9    Int:  9    God:
Gold:   311        SH:  0    Dex: 10    Spells: 14/19 levels left

rFire   . . .      SeeInvis +     - Unarmed
rCold   . . .      Faith    .   (no shield)
rNeg    . . .      Spirit   .   a - +0 robe
rPois   .          Reflect  .   (helmet restricted)
rElec   .          Harm     .   (no cloak)
rCorr   .          Rampage  .   (gloves unavailable)
Will    .....                   (boots unavailable)
Stlth   +.........              (no amulet)
HPRegen 1.02/turn               k - ring of see invisible
MPRegen 0.15/turn               t - +4 ring of protection

@: no status effects
A: large, unfitting armour, claws 3, regeneration 1, shaggy fur 1, tough skin 1
a: no special abilities


You were on level 7 of the Dungeon.
You visited 1 branch of the dungeon, and saw 7 of its levels.
You also visited: Sewer.

You collected 311 gold pieces.

Inventory:

Missiles
 j - a throwing net
Armour
 a - a +0 robe (worn)
 y - +0 acid dragon scales
Jewellery
 c - a ring of magical power
 d - a ring of wizardry
 h - a ring of protection from fire
 k - a ring of see invisible (left claw)
 n - a ring of protection from cold
 q - a ring of resist corrosion
 t - a +4 ring of protection (right claw)
Wands
 u - a wand of flame (22)
 v - a wand of roots (19)
 x - a wand of light (13)
Scrolls
 e - 5 scrolls of immolation
 f - 2 scrolls of identify
 r - a scroll of teleportation
 s - 3 scrolls of poison
 w - a scroll of amnesia {unknown}
Potions
 b - a potion of lignification
 g - a potion of curing
 i - 2 potions of attraction
 l - 4 potions of brilliance
 m - 3 potions of mutation {unknown}
 o - a potion of haste {unknown}
 p - 5 potions of might {unknown}
 z - a potion of heal wounds


   Skills:
 - Level 0.7 Fighting
 - Level 1.5 Dodging
 - Level 6.1 Unarmed Combat
 + Level 5.9 Spellcasting
 + Level 7.1 Transmutations


You had 14 spell levels left.
You knew the following spells:

 Your Spells              Type           Power      Damage    Failure   Level
a - Beastly Appendage     Tmut           30%        N/A       1%          1
b - Ice Form              Ice/Tmut       9%         N/A       45%         4

Your spell library contained the following spells:

 Spells                   Type           Power      Damage    Failure   Level
 Wereblood                Tmut           15%        N/A       1%          2
 Spider Form              Tmut/Pois      9%         N/A       16%         3
 Static Discharge         Conj/Air       2%         3-4/arc   34%         2
 Dispel Undead            Necr           2%         3d7       92%         4
 Sticky Flame             Conj/Fire      2%         2d3       92%         4


Dungeon Overview and Level Annotations

Branches:
Dungeon (7/15)              Sewer (visited)
 Temple: D:4-7

Altars:
Makhleb
Okawaru
Qazlal
Ru
Sif Muna
Uskayaw
Xom

Shops:
D:6 =


Innate Abilities, Weirdness & Mutations

You are too large for most types of armour.
You have claws for hands.
Your natural rate of healing is unusually fast.
You are covered in fur. (AC +1)
You have tough skin. (AC +1)


Message History

The steam dragon claws you.
* * * LOW HITPOINT WARNING * * *
The steam dragon bites you.
* * * LOW HITPOINT WARNING * * *
The steam dragon barely misses you.
Unknown command.
Okay, then.
You feel better.
You are engulfed in a cloud of scalding steam.
The steam dragon closely misses you. The steam dragon barely misses you.
You feel better. The steam dragon bites you. The steam dragon claws you.
Unknown command.
You scratch the steam dragon but do no damage.
The steam dragon is heavily wounded.
The steam dragon breathes steam at you. The ball of steam hits you.
You scratch the steam dragon.
The steam dragon is severely wounded.
You are engulfed in a cloud of scalding steam.
The steam dragon closely misses you.
The steam dragon claws you but does no damage.
You barely miss the steam dragon.
The steam dragon is severely wounded.
You are engulfed in a cloud of scalding steam.
The steam dragon bites you but does no damage.
The steam dragon claws you.
You closely miss the steam dragon.
You claw the steam dragon, but do no damage.
The steam dragon is severely wounded.
The steam dragon closely misses you. The steam dragon claws you.
Unknown command.
You barely miss the steam dragon.
The steam dragon is severely wounded.
The steam dragon breathes steam at you. The ball of steam hits you!!
* * * LOW HITPOINT WARNING * * *
You scratch the steam dragon but do no damage.
The steam dragon is severely wounded.
You are engulfed in a cloud of scalding steam.
You die...

##### #...# #...#
. #...# .. ##
####...#
...#8###8#....#
.......)))<...#
.......).)D<..#
..........@...#
...#8###8##.....#
.. ##
########.... .
...? ... ...


You could see a steam dragon (catching breath).

Vanquished Creatures
  Maggie (D:6)
  Prince Ribbit (D:6)
  Sigmund (D:4)
  Eustachio (D:4)
  6 yaks (D:6)
  3 black bears
  A sky beast (D:6)
  3 centaurs
  6 kobold brigands
  A scorpion (D:6)
  A howler monkey (D:6)
  A hound (D:5)
  A jelly (D:5)
  Crazy Yiuf (D:2)
  2 orc priests
  Ijyb (D:5)
  2 iguanas
  4 orc wizards
  3 gnolls (D:2)
  3 river rats
  9 adders
  A shadow imp (D:6)
  2 ufetubi
  6 worms
  2 dart slugs
  12 orcs
  13 ball pythons
  5 bats
  8 endoplasms
  5 giant cockroaches
  7 goblins
  8 hobgoblins
  3 quokkas
  3 frilled lizards
  15 kobolds
  14 rats
156 creatures vanquished.

Notes
Turn   | Place    | Note
-------+----------+-------------------------------------------
     0 | D:1      | Doomgape the Troll Transmuter began the quest for the Orb.
     0 | D:1      | Reached XP level 1. HP: 18/18 MP: 1/1
   145 | D:1      | Reached XP level 2. HP: 26/26 MP: 2/2
   253 | D:1      | Reached XP level 3. HP: 31/32 MP: 3/3
   863 | D:2      | Found a faded altar of an unknown god.
   965 | D:2      | Reached XP level 4. HP: 40/40 MP: 4/4
   987 | D:2      | Found a runed translucent door.
   988 | D:2      | Noticed Crazy Yiuf
   999 | D:2      | Killed Crazy Yiuf
  1000 | D:2      | Reached skill level 5 in Unarmed Combat
  1191 | D:2      | Reached XP level 5. HP: 32/46 MP: 5/5
  1403 | D:3      | Found a hide-covered altar of Uskayaw.
  1447 | D:3      | Found a stormy altar of Qazlal.
  1931 | D:3      | Found a burning altar of Makhleb.
  1948 | D:3      | Found an iron altar of Okawaru.
  1952 | D:3      | Found a shimmering blue altar of Sif Muna.
  2277 | D:4      | Noticed Sigmund
  2288 | D:4      | Killed Sigmund
  2289 | D:4      | Reached skill level 2 in Transmutations
  2289 | D:4      | Reached XP level 6. HP: 37/54 MP: 6/8
  2319 | D:4      | Identified the +2 scale mail of Guma Nyts {rElec}
  2417 | D:4      | Noticed Eustachio
  2435 | D:4      | Killed Eustachio
  2436 | D:4      | Reached skill level 3 in Transmutations
  2436 | D:4      | Reached XP level 7. HP: 61/61 MP: 9/9
  2801 | D:5      | Entered Level 5 of the Dungeon
  2992 | D:5      | Noticed Ijyb
  2999 | D:5      | Killed Ijyb
  3074 | D:5      | Found a glowing drain.
  3084 | Sewer    | Entered a sewer
  3173 | Sewer    | Reached skill level 4 in Transmutations
  3450 | Sewer    | Reached XP level 8. HP: 63/68 MP: 12/12
  3894 | D:5      | Reached skill level 5 in Transmutations
  3925 | D:5      | Learned a level 4 spell: Ice Form
  4193 | D:6      | Noticed Prince Ribbit
  4219 | D:6      | Killed Prince Ribbit
  4307 | D:6      | Found Jemienuo's One-of-a-Kind Rings.
  4337 | D:6      | Reached XP level 9. HP: 49/75 MP: 15/15
  4454 | D:6      | Found a sacrificial altar of Ru.
  4455 | D:6      | Found a shimmering altar of Xom.
  4484 | D:6      | Reached skill level 5 in Spellcasting
  4484 | D:6      | Reached skill level 6 in Transmutations
  4832 | D:7      | Noticed Maggie
  4845 | D:6      | Killed Maggie
  4914 | D:7      | Reached skill level 7 in Transmutations
  4948 | D:7      | HP: 1/75 [steam dragon/ball of steam (25)]
  4949 | D:7      | Engulfed by a steam dragon's steam

Illustrated notes

Levels and vault maps discovered:
D:1:      dpeg_arrival_subterranean_lakeside_camping, layout_basic,
          grunt_decor_one_mirror, nicolae_wormholes
D:2:      layout_loops_ring, hellmonk_ecumenical_altar_lost_god,
          uniq_crazy_yiuf_cottage
D:3:      layout_basic, nicolae_uskayaw_murder_on_the_dancefloor,
          nicolae_qazlal_scattered_showers, minmay_overflow_temple_star_quad,
          grunt_temple_overflow_open, serial_corexii_hall,
          corexii_hall_statues_deadend, chequers_hall_statues_y,
          chequers_hall_statues_corner_a, chequers_hall_statues_y,
          chequers_hall_statues_corner_a, chequers_hall_statues_corner_a,
          grunt_decor_cap
D:4:      layout_loops_ring, minmay_misc_feat_ornament, uniq_sigmund,
          uniq_eustachio
D:5:      layout_loops_ring, portal_sewer_entry_e, uniq_ijyb
D:6:      layout_rooms, chequers_temple_overflow_statue_of_worship,
          nicolae_shop_unique_rings, kennysheep_generic_room_13,
          uniq_prince_ribbit1
D:7:      layout_rooms, tso_metal_star, minmay_temple_entry_statues_fountains,
          serial_corexii_hall, corexii_hall_statues_l, chequers_hall_statues_y,
          chequers_hall_statues_y, uniq_maggie

Skill      XL: |  1  2  3  4  5  6  7  8  9 |
---------------+----------------------------+-----
Unarmed Combat | 4 5 6 |  6.1
Spellcasting   | 2 3 4 5 |  5.9
Transmutations | 2 3 4 5 7 |  7.1
Fighting       | |  0.7
Dodging        | |  1.5

Action                   |  1- 3 |  4- 6 |  7- 9 || total
-------------------------+-------+-------+-------++-------
Melee: Unarmed           |   118 |    83 |   290 ||   491
       Punch             |     1 |     2 |    11 ||    14
Evoke: Wand              |       |       |     1 ||     1
  Use: Scroll            |       |     7 |     4 ||    11
       Potion            |       |     1 |     3 ||     4
 Stab: Sleeping          |       |     1 |       ||     1
       Distracted        |       |       |     1 ||     1
Armor: Robe              |    67 |    19 |   118 ||   204
Dodge: Dodged            |    60 |    28 |   107 ||   195
